[Event "Team 45 45 League T52"]
[Site "Internet Chess Club"]
[Date "2012.03.18"]
[Round "5"]
[White "parrot9"]
[Black "losscause"]
[Result "0-1"]
[WhiteElo "1519"]
[BlackElo "1630"]
[Opening "Scandinavian defense"]
[ECO "B01"]
[Time "11:40:28"]
[TimeControl "2700+45"]

1. e4 d5 2. exd5 Nf6 3. d4 Bg4 4. Nf3 Qxd5 5. Be2 Nc6 6. Be3 O-O-O 7. c3 e5 8.
h3 Bh5 9. Qa4 exd4 10. cxd4 Bb4+ 11. Nc3 Ne4 12. Rc1 Qa5 13. Qb3 Rhe8 14. O-O
Ng3 15. Bb5 Nxf1 16. Bxc6 bxc6 17. Ne5 Rxe5 18. a3 Bxc3 19. Rxc3 Nxe3 20. dxe5
Rd1+ {White resigns} 0-1

[Event "Team 45 45 League T52"]
[Site "Internet Chess Club"]
[Date "2012.03.20"]
[Round "5"]
[White "chesschessboy"]
[Black "eagle"]
[Result "1-0"]
[WhiteElo "1394"]
[BlackElo "1486"]
[Opening "Caro-Kann: classical variation"]
[ECO "B18"]
[Time "19:07:18"]
[TimeControl "2700+45"]

1. e4 c6 2. d4 d5 3. Nc3 dxe4 4. Nxe4 Bf5 5. Ng3 Bg6 6. Nf3 Nd7 7. Bc4 e6 8. Bf4
Qb6 9. Bb3 Ngf6 10. O-O Be7 11. Qd2 Nd5 12. Ne5 Nxf4 13. Nxd7 Nh3+ 14. gxh3 Kxd7
15. c3 Bd6 16. Rfe1 Rad8 17. Ne4 Bxe4 18. Rxe4 Kc8 19. Qg5 Qc7 20. Kh1 Bxh2 21.
Qxg7 Rhg8 22. Qh6 Rg6 23. Qxh7 Rdg8 24. Rg4 Rxg4 25. hxg4 Qd8 26. Qxf7 Rh8 27.
Bxe6+ Kb8 28. Kg2 Qh4 29. Kf3 Qh6 30. Bf5 Qf4+ 31. Ke2 Rh3 32. Qe8+ Kc7 33. Qe5+
Qxe5+ 34. dxe5 Bxe5 35. Rd1 Rh2 36. Rd7+ Kb6 37. Rh7 Rg2 38. Kf1 Rh2 39. Rxh2
Bxh2 40. g5 Kc7 41. Bh7 Kd6 42. Ke2 Ke6 43. Kd3 Bf4 44. g6 Kf6 45. Ke4 Bc1 46.
b3 Bh6 47. Kd4 Bg7 48. Kc5 Ke5 49. f4+ Kxf4 50. Kd6 Bxc3 51. Kc7 b5 52. Kxc6 b4
53. Kb5 Kg5 54. Ka6 Kh6 55. Kxa7 Kg7 56. Kb6 Kh6 57. Kc5 Kg7 58. Kc4 Kh6 59. a3
Bg7 60. Kxb4 Kg5 61. Kb5 Kf5 62. a4 Ke6 63. Kc6 Ke7 64. a5 Kd8 65. Kb7 Kd7 66.
a6 {Black resigns} 1-0

[Event "Team 45 45 League T52"]
[Site "Internet Chess Club"]
[Date "2012.03.19"]
[Round "5"]
[White "seattleblues"]
[Black "cazj"]
[Result "0-1"]
[WhiteElo "1366"]
[BlackElo "1349"]
[Opening "Sicilian: Alapin's variation (2.c3)"]
[ECO "B22"]
[Time "20:31:01"]
[TimeControl "2700+45"]

1. e4 c5 2. c3 e6 3. d4 d5 4. exd5 exd5 5. Nf3 Nf6 6. Bd3 c4 7. Bc2 Bd6 8. Bg5
Bg4 9. O-O O-O 10. Nbd2 Nbd7 11. b3 b5 12. bxc4 bxc4 13. Rb1 Qc7 14. Qc1 h6 15.
Bxf6 Nxf6 16. Nh4 Bxh2+ 17. Kh1 Bf4 18. g3 Bxg3 19. fxg3 Qxg3 20. Qe1 Qxc3 21.
Rc1 Qxd4 22. Ndf3 Bxf3+ 23. Nxf3 Qg4 24. Nh2 Qd4 25. Rd1 Qb2 26. Bb1 Rfe8 27.
Qd2 Re2 28. Qxb2 Rxb2 29. Rfe1 Rab8 30. Kg1 c3 31. Rc1 Ne4 32. Bxe4 dxe4 33.
Rxc3 Rxa2 34. Rce3 Rbb2 35. Nf1 f5 36. Rh3 a5 37. Rh2 a4 38. Rxb2 Rxb2 39. Ra1
Rb4 40. Ne3 f4 41. Nd5 Rb3 42. Nxf4 Rg3+ 43. Kf2 Rf3+ 44. Ke2 Rxf4 45. Ke3 g5
46. Rxa4 h5 47. Ra5 Rg4 48. Ra8+ Kf7 49. Ra7+ Ke6 50. Rh7 h4 51. Rh6+ Kd5 52.
Rh7 Rg3+ 53. Kf2 e3+ 54. Ke2 Ke4 55. Re7+ Kf4 56. Rf7+ Kg4 57. Re7 h3 58. Re4+
Kh5 59. Re8 g4 60. Rh8+ Kg5 61. Rg8+ Kf5 62. Rf8+ Ke6 63. Re8+ Kf7 64. Rh8 Rf3
65. Rh7+ Kg6 66. Rh8 Kg5 67. Rg8+ Kf4 68. Rf8+ Kg3 {White resigns} 0-1

[Event "Team 45 45 League T52"]
[Site "Internet Chess Club"]
[Date "2012.03.18"]
[Round "5"]
[White "Conjurer"]
[Black "tornado100"]
[Result "1-0"]
[WhiteElo "1446"]
[BlackElo "1250"]
[Opening "English: symmetrical variation"]
[ECO "A38"]
[Time "19:31:10"]
[TimeControl "2700+45"]

1. c4 c5 2. Nc3 Nc6 3. g3 g6 4. Bg2 Bg7 5. Nf3 Nf6 6. d4 d5 7. cxd5 Nxd5 8. e3
O-O 9. O-O e6 10. a3 Qd6 11. Nb5 Qe7 12. Rb1 b6 13. Re1 a6 14. Nc3 Bd7 15. Ne4
f5 16. Nc3 Qf6 17. e4 Nxc3 18. bxc3 cxd4 19. Bg5 Qf7 20. cxd4 b5 21. e5 h6 22.
Be3 Kh7 23. Nd2 Rg8 24. Nb3 Qe7 25. Nc5 Rad8 26. Qd3 Bc8 27. Bxc6 Qxc5 28. Rec1
Qe7 29. Bf3 Bxe5 30. Rb4 Bb7 31. Bf4 Bxf3 32. Bxe5 Be4 33. Qd2 Qd7 34. Rc7 Bd5
35. Rxd7+ Rxd7 36. Rb1 Rc8 37. Qa5 Be4 38. Re1 Ra7 39. Qb6 Raa8 40. Qxe6 Ra7 41.
Qxc8 {Black resigns} 1-0

[Event "Team 45 45 League T52"]
[Site "Internet Chess Club"]
[Date "2012.03.19"]
[Round "5"]
[White "Salvatore"]
[Black "doublepar"]
[Result "0-1"]
[WhiteElo "1534"]
[BlackElo "1602"]
[Opening "Richter-Veresov attack"]
[ECO "D01"]
[Time "19:33:15"]
[TimeControl "2700+45"]

1. d4 d5 2. Nc3 Nf6 3. Bg5 Nbd7 4. f3 h6 5. Bxf6 Nxf6 6. e4 e6 7. Qd3 Be7 8.
O-O-O O-O 9. g4 dxe4 10. Nxe4 Nxe4 11. Qxe4 Re8 12. Bd3 f5 13. gxf5 exf5 14.
Bc4+ Kh8 15. Qd3 Bg5+ 16. Kb1 Qd6 17. Nh3 Bf6 18. f4 Be6 19. d5 Bg8 20. Rhe1
Rxe1 21. Rxe1 c6 22. Bb3 Bxd5 23. Qxf5 Bxb3 24. axb3 Qd2 25. Qe4 Rd8 26. f5 Qd4
27. Qxd4 Rxd4 28. Re2 Kg8 29. Re8+ Kf7 30. Rb8 Rd7 31. Nf4 Be5 32. Rf8+ Kxf8 33.
Ng6+ Ke8 34. Nxe5 Rd1+ 35. Ka2 Rd2 36. Nc4 Rxh2 37. Nd6+ Kd7 38. Nxb7 Rxc2 39.
Na5 h5 {White resigns} 0-1

[Event "Team 45 45 League T52"]
[Site "Internet Chess Club"]
[Date "2012.03.16"]
[Round "5"]
[White "oldprez"]
[Black "Lee-D"]
[Result "0-1"]
[WhiteElo "1474"]
[BlackElo "1431"]
[Opening "Scandinavian (center counter) defense"]
[ECO "B01"]
[Time "21:00:12"]
[TimeControl "2700+45"]

1. e4 d5 2. exd5 Qxd5 3. Nc3 Qa5 4. Nf3 Nf6 5. g3 Bf5 6. Bg2 c6 7. O-O e6 8. d3
Qd8 9. Re1 Bb4 10. a3 Bxc3 11. bxc3 O-O 12. Nd4 Bg6 13. Rb1 Qc7 14. Bf4 Qe7 15.
Qc1 Na6 16. Qb2 Nc5 17. Nb3 Na4 18. Qa1 Nd5 19. Bxd5 cxd5 20. Nd4 Rac8 21. Rb4
Nxc3 22. Bd2 Qc7 23. Bxc3 Qxc3 24. Rb3 Qc7 25. Qb1 b6 26. Nb5 Qxc2 27. Nxa7 Qxb1
28. Rexb1 Ra8 29. Nc6 Rfe8 30. Ne5 f6 31. Nc6 e5 32. Nb4 Bf7 33. Nc6 d4 34. Rxb6
Rxa3 35. Rb8 Ra8 36. Rxa8 Rxa8 37. Ne7+ Kf8 38. Nf5 Bg6 39. g4 h5 40. h3 hxg4
41. hxg4 Bf7 42. Kg2 g6 43. Nd6 Bd5+ 44. Kf1 Ke7 45. Nc4 Bxc4 46. dxc4 Rc8 47.
Rc1 Kd6 48. f3 Kc5 49. Ke2 Rb8 50. Kd3 Rb3+ 51. Ke4 Re3# {White checkmated} 0-1

[Event "Team 45 45 League T52"]
[Site "Internet Chess Club"]
[Date "2012.03.19"]
[Round "5"]
[White "milesotoole"]
[Black "radiohead"]
[Result "1-0"]
[WhiteElo "1540"]
[BlackElo "1401"]
[Opening "Blackmar-Diemer: Euwe defense"]
[ECO "D00"]
[Time "21:15:25"]
[TimeControl "2700+45"]

1. d4 d5 2. e4 dxe4 3. Nc3 Nf6 4. f3 exf3 5. Nxf3 e6 6. Bg5 Be7 7. Bd3 Nc6 8.
Qd2 O-O 9. O-O-O h6 10. Bxh6 Nxd4 11. Bxg7 Kxg7 12. Qg5+ Kh8 13. Qh6+ Kg8 14.
Ng5 Nf5 15. Bxf5 Qxd1+ 16. Rxd1 exf5 17. Nd5 {Black resigns} 1-0

[Event "Team 45 45 League T52"]
[Site "Internet Chess Club"]
[Date "2012.03.18"]
[Round "5"]
[White "maliboum"]
[Black "Iowa-Archer"]
[Result "1-0"]
[WhiteElo "1354"]
[BlackElo "1272"]
[Opening "Caro-Kann: classical variation"]
[ECO "B18"]
[Time "18:00:06"]
[TimeControl "2700+45"]

1. e4 c6 2. d4 d5 3. Nc3 dxe4 4. Nxe4 Bf5 5. Nc5 b6 6. Nb3 e6 7. Nf3 Nf6 8. h3
h6 9. Be3 Be7 10. Bd3 Bxd3 11. Qxd3 Nbd7 12. O-O c5 13. dxc5 e5 14. Qe2 bxc5 15.
Rfd1 Qb6 16. a4 e4 17. Nfd2 O-O 18. Nxe4 Nxe4 19. Rxd7 Qe6 20. Rdd1 Rac8 21. c4
f5 22. Bf4 g5 23. Bh2 Rb8 24. Nd2 Rxb2 25. f3 Rxd2 26. Rxd2 Rd8 27. Rxd8+ Bxd8
28. fxe4 fxe4 29. Re1 Qc6 30. Qxe4 Qxa4 31. Qe8+ Kg7 32. Qxa4 {Black resigns}
1-0

[Event "Team 45 45 League T52"]
[Site "Internet Chess Club"]
[Date "2012.03.18"]
[Round "5"]
[White "cys456"]
[Black "adamredsox"]
[Result "1-0"]
[WhiteElo "1697"]
[BlackElo "1663"]
[Opening "Sicilian"]
[ECO "B50"]
[Time "19:00:16"]
[TimeControl "2700+45"]

1. e4 c5 2. Nf3 d6 3. Nc3 Nf6 4. Bc4 e6 5. d3 Be7 6. O-O O-O 7. h3 d5 8. exd5
exd5 9. Bb3 d4 10. Ne4 Nxe4 11. dxe4 Be6 12. Bxe6 fxe6 13. Qd3 b6 14. Qc4 Qc8
15. Ng5 Bxg5 16. Bxg5 Nc6 17. f4 Na5 18. Qd3 Rf7 19. f5 exf5 20. exf5 Qd7 21. f6
Nc6 22. Qg3 g6 23. h4 h5 24. Bd2 Qg4 25. Qd6 Qd7 26. Qxd7 Rxd7 27. Rae1 Kf7 28.
Bg5 Re8 29. Rxe8 Kxe8 30. Re1+ Kf7 31. a3 d3 32. cxd3 Rxd3 33. b4 Rxa3 34. b5
Nd8 35. Re7+ Kf8 36. Bh6+ Kg8 37. Re8+ Kh7 38. Rxd8 {Black resigns} 1-0

[Event "Team 45 45 League T52"]
[Site "Internet Chess Club"]
[Date "2012.03.15"]
[Round "5"]
[White "Kingofknights"]
[Black "Mymas"]
[Result "0-1"]
[WhiteElo "1614"]
[BlackElo "1628"]
[Opening "QGD: 4.Bg5"]
[ECO "D50"]
[Time "19:00:40"]
[TimeControl "2700+45"]

1. d4 d5 2. c4 e6 3. Nc3 Nf6 4. Bg5 Bb4 5. e3 Bxc3+ 6. bxc3 O-O 7. cxd5 exd5 8.
Nf3 h6 9. Bh4 Bf5 10. Qb3 Nbd7 11. Qxb7 Rb8 12. Qxa7 Ra8 13. Qb7 Rb8 14. Qa6 Re8
15. Qa3 g5 16. Nxg5 Ra8 17. Qc1 hxg5 18. Bxg5 Qe7 19. a4 c5 20. Bb5 cxd4 21.
cxd4 Rac8 22. Qd1 Qb4+ 23. Qd2 Qxd2+ 24. Kxd2 Ne4+ 25. Ke1 Nxg5 26. h4 Ne4 27.
h5 Nc3 28. Bxd7 Bxd7 29. Rh4 Re4 30. Rxe4 Nxe4 31. a5 Rc7 32. f3 Nd6 33. Kf2 Nf5
34. Ra2 Bb5 35. g4 Bc4 36. gxf5 Bxa2 37. Kg3 Ra7 38. Kf4 Rxa5 39. e4 Ra4 40. Ke5
Ra5 41. Kf4 dxe4 42. fxe4 Ra4 43. Ke5 Ra5+ 44. d5 f6+ 45. Ke6 Ra6+ 46. Ke7 Bb1
47. d6 Bxe4 48. d7 Ra7 49. Kd6 Ra8 50. Ke6 Bxf5+ 51. Kxf5 Rd8 52. Ke6 f5 53.
Kxf5 Rxd7 54. Kg6 Rg7+ 55. Kh6 Ra7 56. Kg6 Ra6+ 57. Kg5 Kg7 58. h6+ Rxh6 59. Kf5
Ra6 60. Ke5 Kf7 61. Kd5 Ke7 62. Kc5 Kd7 63. Kb5 Rc6 64. Kb4 Kd6 65. Kb5 Kd5 66.
Kb4 Rc5 67. Kb3 Rc4 68. Kb2 Kd4 69. Kb1 Kd3 70. Kb2 Rc8 71. Kb3 Rb8+ 72. Ka4 Kc4
73. Ka5 Rb1 74. Ka6 Kc5 75. Ka7 Kc6 76. Ka8 Kc7 77. Ka7 Ra1# {White checkmated}
0-1

[Event "Team 45 45 League T52"]
[Site "Internet Chess Club"]
[Date "2012.03.18"]
[Round "5"]
[White "ausya"]
[Black "medsurg"]
[Result "1/2-1/2"]
[WhiteElo "1578"]
[BlackElo "1375"]
[Opening "Sicilian: Alapin's variation (2.c3)"]
[ECO "B22"]
[Time "18:02:37"]
[TimeControl "2700+45"]

1. e4 c5 2. c3 d5 3. exd5 Qxd5 4. d4 Nf6 5. Nf3 Bg4 6. dxc5 e6 7. Nbd2 Bxc5 8.
Bc4 Qd6 9. O-O O-O 10. b4 Bb6 11. Qb3 Bc7 12. Re1 Bxf3 13. Nxf3 Re8 14. Rd1 Qe7
15. Bg5 Nc6 16. Rd3 Ne5 17. Nxe5 Bxe5 18. Rad1 Rad8 19. Qc2 h6 20. Be3 Rxd3 21.
Qxd3 Qc7 22. h3 a6 23. Bd4 Bxd4 24. Qxd4 b5 25. Bb3 Rc8 26. Rd3 Qc6 27. f3 Rc7
28. Qd6 Nd5 29. Qxc6 Rxc6 30. Bxd5 exd5 31. Rxd5 Rxc3 32. Rd6 Ra3 33. Rd2 Kf8
34. Kf2 Ke7 35. Ke1 Ke6 36. Kd1 Rc3 37. Re2+ Kd6 38. Kd2 Rc4 39. a3 Rd4+ 40. Ke3
Kd5 41. Rc2 Rc4 42. Rd2+ Ke6 43. Re2 g5 44. Kd3+ Kd5 45. Re7 f5 46. Rf7 Ke5 47.
g3 Rd4+ 48. Ke3 f4+ 49. gxf4+ gxf4+ 50. Ke2 Rd6 51. Rc7 Kf5 52. Rc5+ Kf6 53. Rh5
Re6+ 54. Kd2 Kg6 55. Rd5 Kf6 {Game drawn by mutual agreement} 1/2-1/2

[Event "Team 45 45 League T52"]
[Site "Internet Chess Club"]
[Date "2012.03.18"]
[Round "5"]
[White "Imbued"]
[Black "trifire"]
[Result "0-1"]
[WhiteElo "1508"]
[BlackElo "1425"]
[Opening "Sicilian: Smith-Morra gambit"]
[ECO "B21"]
[Time "17:00:41"]
[TimeControl "2700+45"]

1. e4 c5 2. d4 cxd4 3. c3 dxc3 4. Nxc3 d6 5. Nf3 Nf6 6. e5 dxe5 7. Qxd8+ Kxd8 8.
Nxe5 Be6 9. Bf4 Nbd7 10. Rd1 Kc8 11. Nb5 a6 12. Nxd7 Bxd7 13. Nc7 Ra7 14. Be3
Kxc7 15. Bxa7 b6 16. Bxa6 e5 17. Rc1+ Bc5 18. b4 Ra8 19. bxc5 Rxa7 20. cxb6+
Kxb6 21. Bc4 Rc7 22. O-O Bf5 23. Rb1+ Kc5 24. Rbc1 Kb6 25. a4 Ne4 26. Rfd1 Rc5
27. Bb5 Nc3 28. Rd6+ Kc7 29. Ra6 Ne2+ 30. Bxe2 Rxc1+ 31. Bf1 Bd3 32. Ra7+ Kb6
33. h4 Rxf1+ 34. Kh2 Kxa7 {White resigns} 0-1

[Event "Team 45 45 League T52"]
[Site "Internet Chess Club"]
[Date "2012.03.16"]
[Round "5"]
[White "IceBox"]
[Black "Portola"]
[Result "0-1"]
[WhiteElo "1854"]
[BlackElo "1729"]
[Opening "QGD: classical variation (5.Bf4)"]
[ECO "D37"]
[Time "17:00:38"]
[TimeControl "2700+45"]

1. d4 d5 2. c4 e6 3. Nc3 Nf6 4. Nf3 Be7 5. Bf4 c6 6. e3 Nbd7 7. Bd3 b6 8. cxd5
exd5 9. Rc1 Bb7 10. O-O O-O 11. Qe2 a6 12. e4 dxe4 13. Nxe4 Nd5 14. Bd6 Re8 15.
Qd2 N7f6 16. Bxe7 Qxe7 17. Rfe1 Nxe4 18. Rxe4 Qd6 19. Rh4 Nf6 20. Qg5 c5 21. Rf4
Bxf3 22. Rxf3 Qxd4 23. h4 h6 24. Qg3 b5 25. Rf4 Qe5 26. b3 Nh5 27. Re4 Qxe4 28.
Bxe4 Nxg3 {White resigns} 0-1

[Event "Team 45 45 League T52"]
[Site "Internet Chess Club"]
[Date "2012.03.20"]
[Round "5"]
[White "rubo"]
[Black "calily"]
[Result "1-0"]
[WhiteElo "1710"]
[BlackElo "1734"]
[Opening "Bird's opening: Lasker variation"]
[ECO "A03"]
[Time "16:05:58"]
[TimeControl "2700+45"]

1. f4 d5 2. Nf3 Nf6 3. e3 c5 4. b3 g6 5. Bb2 Bg7 6. Bb5+ Bd7 7. Qe2 a6 8. Bxd7+
Nbxd7 9. d3 O-O 10. O-O e6 11. Nbd2 b5 12. c4 Re8 13. Ne5 Qc7 14. Ndf3 Nxe5 15.
Bxe5 Qc6 16. Qb2 Nh5 17. g4 f6 18. gxh5 fxe5 19. Nxe5 Bxe5 20. Qxe5 gxh5 21. Rf2
Kf7 22. Qxh5+ Ke7 23. Qxh7+ Kd6 24. e4 Re7 25. e5+ Kd7 26. Qg6 Rf8 27. Raf1 Rff7
28. Rg2 dxc4 29. dxc4 bxc4 30. Rd1+ Kc7 31. bxc4 Qf3 32. Qd3 Qxd3 33. Rxd3 Rxf4
34. Rc3 Ref7 35. Rgc2 Rg7+ 36. Rg3 Rxg3+ 37. hxg3 Re4 38. Kf2 Rxe5 39. Kf3 Re1
40. Re2 Rf1+ 41. Kg2 Rf6 42. g4 Kd6 43. Kg3 Rf1 44. g5 Rg1+ 45. Rg2 Rxg2+ 46.
Kxg2 Ke5 47. Kg3 Kf5 48. Kh4 Kg6 49. Kg4 e5 50. a3 a5 51. a4 {Black resigns} 1-0

[Event "Team 45 45 League T52"]
[Site "Internet Chess Club"]
[Date "2012.03.17"]
[Round "5"]
[White "PANAMA-REY"]
[Black "GrandUnified"]
[Result "0-1"]
[WhiteElo "1405"]
[BlackElo "1627"]
[Opening "Giuoco Pianissimo: Italian four knights variation"]
[ECO "C50"]
[Time "19:44:53"]
[TimeControl "2700+45"]

1. e4 e5 2. Nf3 Nc6 3. Bc4 Bc5 4. d3 Nf6 5. Nc3 h6 6. a3 a5 7. h3 d6 8. Qe2 Nd4
9. Qd1 c6 10. Nh2 b5 11. Nf3 bxc4 12. dxc4 a4 13. Nh2 Be6 14. Qd3 Qb6 15. O-O
O-O 16. Kh1 d5 17. cxd5 cxd5 18. exd5 Nxd5 19. Ne4 Be7 20. c3 Nb3 21. Rb1 Nxc1
22. Rfxc1 f5 23. Ng3 e4 24. Qd2 Bg5 25. Qe1 Bxc1 26. Rxc1 Qxb2 27. Nhf1 Qxa3 28.
Ne2 Qc5 29. Nd4 Bd7 30. Qd2 a3 31. c4 a2 32. cxd5 Qxc1 33. Qxc1 a1=Q 34. Qc4 Ra4
35. Qc5 Qxf1+ 36. Kh2 Qxf2 37. d6 Qf4+ {White resigns} 0-1

[Event "Team 45 45 League T52"]
[Site "Internet Chess Club"]
[Date "2012.03.17"]
[Round "5"]
[White "g8wrb"]
[Black "kabubi"]
[Result "1-0"]
[WhiteElo "1446"]
[BlackElo "1141"]
[Opening "Sicilian: Alapin's variation (2.c3)"]
[ECO "B22"]
[Time "15:02:39"]
[TimeControl "2700+45"]

1. e4 c5 2. c3 d5 3. exd5 Qxd5 4. Nf3 e5 5. Na3 Nc6 6. Bc4 Qd8 7. O-O Nf6 8. Re1
e4 9. Ng5 Ne5 10. Nxe4 Be7 11. Nxf6+ Bxf6 12. d4 cxd4 13. cxd4 Qb6 14. dxe5
{Black resigns} 1-0

[Event "Team 45 45 League T52"]
[Site "Internet Chess Club"]
[Date "2012.03.18"]
[Round "5"]
[White "PandorasBox"]
[Black "saychess"]
[Result "0-1"]
[WhiteElo "1903"]
[BlackElo "2073"]
[Opening "English opening"]
[ECO "A13"]
[Time "18:01:18"]
[TimeControl "2700+45"]

1. c4 e6 2. g3 d5 3. Bg2 Nf6 4. Qc2 Nc6 5. Nf3 d4 6. d3 Be7 7. O-O e5 8. Nbd2 h6
9. a3 a5 10. Rb1 O-O 11. Re1 Bf5 12. Nh4 Bh7 13. Ne4 Nxe4 14. dxe4 Bxh4 15. gxh4
Qxh4 16. Bd2 f5 {White resigns} 0-1

[Event "Team 45 45 League T52"]
[Site "Internet Chess Club"]
[Date "2012.03.18"]
[Round "5"]
[White "playwaycool"]
[Black "Deckfuel"]
[Result "0-1"]
[WhiteElo "2052"]
[BlackElo "1912"]
[Opening "QGD Slav: exchange variation, 6.Bf4 Bf5"]
[ECO "D14"]
[Time "05:08:38"]
[TimeControl "2700+45"]

1. d4 d5 2. c4 c6 3. cxd5 cxd5 4. Nf3 Nf6 5. Nc3 Nc6 6. Bf4 Bf5 7. Rc1 a6 8. a3
e6 9. e3 Be7 10. Bd3 Bxd3 11. Qxd3 O-O 12. O-O Rc8 13. Na4 Na5 14. Nc5 Bxc5 15.
dxc5 Nc4 16. b4 b6 17. cxb6 Qxb6 18. Ne5 Qb5 19. Nxc4 Rxc4 20. Rxc4 dxc4 21. Qd4
Rc8 22. Rc1 Qd5 23. Qxd5 exd5 24. Be5 Nd7 25. Bd4 f5 26. f3 Re8 27. Kf2 g6 28.
Rd1 Kf7 29. h4 Ke6 30. Kg3 Ne5 31. Bxe5 Kxe5 32. f4+ Ke6 33. Kf3 Rb8 34. Rb1 a5
35. Ke2 axb4 36. axb4 Kd6 37. h5 gxh5 38. Rh1 Rxb4 39. Rxh5 Rb2+ 40. Kf3 c3 41.
Rh6+ Kc5 42. Rxh7 Kc4 43. g4 fxg4+ 44. Kxg4 c2 45. Rc7+ Kd3 46. e4 dxe4 47. f5
Rb1 48. f6 c1=Q 49. f7 Qg1+ 50. Kf5 Rf1+ 51. Ke5 Qg3+ 52. Ke6 Qxc7 53. f8=Q Qc4+
54. Ke5 Qc3+ 55. Ke6 Rxf8 {White resigns} 0-1

[Event "Team 45 45 League T52"]
[Site "Internet Chess Club"]
[Date "2012.03.19"]
[Round "5"]
[White "Ptzz"]
[Black "Dreamshell"]
[Result "1/2-1/2"]
[WhiteElo "2073"]
[BlackElo "1997"]
[Opening "Nimzo-Indian: classical, Noa variation, 5.cd ed"]
[ECO "E35"]
[Time "13:04:45"]
[TimeControl "2700+45"]

1. d4 Nf6 2. c4 e6 3. Nc3 Bb4 4. Qc2 d5 5. cxd5 exd5 6. Bg5 c6 7. e3 Be6 8. Bd3
h6 9. Bf4 Nbd7 10. h3 O-O 11. Nf3 Qa5 12. O-O c5 13. Rfc1 cxd4 14. Nxd4 Rac8 15.
Nde2 Nc5 16. a3 Bxc3 17. Nxc3 Qb6 18. b4 Nce4 19. Qb2 Nxc3 20. Rxc3 Rxc3 21.
Qxc3 Rc8 22. Qb2 Qc6 23. Be5 Ne8 24. Bd4 a6 25. b5 Qd6 26. b6 Qc6 27. Rd1 f6 28.
Qb4 Nd6 29. f3 Nb5 30. Bxb5 axb5 31. Rd3 Qc1+ 32. Kh2 Qc4 33. Qe7 Qc6 34. Rc3
Qd7 35. Rxc8+ Qxc8 36. Bc5 Bd7 37. Qd6 Bc6 38. g4 Qe8 39. Bd4 Kf7 40. h4 Qe7 41.
Qc7 Kf8 42. Qb8+ Kf7 43. Qc7 Kf8 44. Qb8+ Kf7 45. Qa7 Qd6+ 46. Kg2 Qe6 47. Qb8
Qe7 48. Qc7 Kf8 49. Qb8+ Kf7 50. Qc7 Kf8 51. Qb8+ Kf7 {Game drawn by repetition}
1/2-1/2

[Event "Team 45 45 League T52"]
[Site "Internet Chess Club"]
[Date "2012.03.16"]
[Round "5"]
[White "mcplayerus"]
[Black "Jack-ONeill"]
[Result "1/2-1/2"]
[WhiteElo "2088"]
[BlackElo "2070"]
[Opening "Catalan: closed, 5.Nf3"]
[ECO "E06"]
[Time "16:00:51"]
[TimeControl "2700+45"]

1. d4 Nf6 2. Nf3 d5 3. c4 e6 4. g3 Be7 5. Bg2 O-O 6. O-O dxc4 7. Qc2 a6 8. Qxc4
b5 9. Qc2 Bb7 10. Bd2 Nc6 11. e3 Nb4 12. Bxb4 Bxb4 13. Nbd2 c5 14. dxc5 Rc8 15.
Nb3 Be4 16. Qc1 Qe7 17. Rd1 Bxc5 18. Nxc5 Rxc5 19. Qd2 Rc2 20. Qd4 Bxf3 21. Bxf3
e5 22. Qd6 Qxd6 23. Rxd6 a5 24. Rb1 Rfc8 25. Rbd1 Kf8 26. R1d2 Ke7 27. h3 R8c5
28. Be2 Ne4 29. Rd7+ Ke6 30. Rxc2 Rxc2 31. Bxb5 Nd6 32. Ba4 Rc4 33. b3 Rxa4 34.
Rxd6+ Kxd6 35. bxa4 Kc5 36. Kf1 Kb4 37. Ke2 e4 38. Kd2 f5 39. Kc2 Ka3 40. Kb1
Kxa4 41. h4 g6 42. Kb2 Kb4 43. Kc2 Ka3 44. Kb1 a4 45. Ka1 Kb4 46. Kb2 h6 47. Kc2
Kc4 48. Kd2 Kb4 49. Kc2 Kc4 {Game drawn by mutual agreement} 1/2-1/2

[Event "Team 45 45 League T52"]
[Site "Internet Chess Club"]
[Date "2012.03.20"]
[Round "5"]
[White "Despair"]
[Black "Dracoac"]
[Result "1-0"]
[WhiteElo "1993"]
[BlackElo "1794"]
[Opening "Mieses opening"]
[ECO "A00"]
[Time "20:08:16"]
[TimeControl "2700+45"]

1. d3 d5 2. g3 c5 3. Bg2 Nc6 4. b3 Nf6 5. Nf3 e5 6. O-O Be7 7. Bb2 Qc7 8. c4 d4
9. Na3 a6 10. Nc2 Rb8 11. a4 Na5 12. Nd2 Be6 13. Re1 b5 14. axb5 axb5 15. Na3
bxc4 16. Naxc4 Bxc4 17. dxc4 O-O 18. e3 Nb7 19. Qe2 Bd6 20. Ra7 Qb6 21. Rea1 Bc7
22. R1a6 Qb4 23. Ba3 Qc3 24. Bxb7 d3 25. Qd1 Rbd8 26. Bxc5 Qc2 27. Ra1 Rfe8 28.
Bc6 Nd7 29. Rxc7 Nxc5 30. Bxe8 Rxe8 31. Qxc2 dxc2 32. Rxc5 Rd8 33. Rc1 {Black
resigns} 1-0

[Event "Team 45 45 League T52"]
[Site "Internet Chess Club"]
[Date "2012.03.18"]
[Round "5"]
[White "jps7"]
[Black "ivanson"]
[Result "0-1"]
[WhiteElo "1721"]
[BlackElo "1850"]
[Opening "King's Indian: East Indian defense"]
[ECO "A48"]
[Time "14:03:37"]
[TimeControl "2700+45"]

1. d4 Nf6 2. Nf3 g6 3. e3 Bg7 4. Bd3 O-O 5. b3 d6 6. h3 Nbd7 7. Bb2 Re8 8. e4 e5
9. d5 Nc5 10. Nc3 Nxd3+ 11. Qxd3 Nh5 12. g3 Bh6 13. Bc1 Bxc1 14. Rxc1 f5 15. O-O
fxe4 16. Nxe4 Bxh3 17. Rfe1 Bf5 18. Qd2 Nf6 19. Neg5 h6 20. Ne6 Bxe6 21. dxe6
Kg7 22. Qb4 Qc8 23. Rcd1 Rxe6 24. c4 a5 25. Qc3 Qf8 26. Qc2 Ng4 27. Nd4 Rf6 28.
f3 exd4 29. fxg4 c5 30. Qe4 Rf7 31. Rd2 Rd8 32. Kg2 Rdd7 33. Qd5 Rde7 34. Rh1
Re5 {White resigns} 0-1

[Event "Team 45 45 League T52"]
[Site "Internet Chess Club"]
[Date "2012.03.17"]
[Round "5"]
[White "LittleButton"]
[Black "justice02"]
[Result "0-1"]
[WhiteElo "1681"]
[BlackElo "1783"]
[Opening "Caro-Kann: advance variation"]
[ECO "B12"]
[Time "08:00:08"]
[TimeControl "2700+45"]

1. e4 c6 2. d4 d5 3. e5 Bf5 4. Ne2 e6 5. Ng3 Bg6 6. h4 h5 7. Bd3 Bxd3 8. cxd3
Nd7 9. Nc3 Qb6 10. Nge2 Ne7 11. Na4 Qa5+ 12. Bd2 Qc7 13. Bb4 Nf5 14. Bxf8 Nxf8
15. Nc5 Nxd4 16. Nxd4 Qa5+ 17. Qd2 Qxc5 18. Nb3 Qe7 19. d4 Nd7 20. Rc1 O-O 21.
Rc3 f6 22. exf6 Rxf6 23. Re3 Raf8 24. O-O Nb6 25. Qe1 Nc4 26. Re2 b6 27. Nc1 Nd6
28. Nd3 Nf5 29. Qc3 Nxh4 30. Qxc6 Nf3+ 31. Kh1 Nxd4 32. Rxe6 Rxe6 33. Qxd5 Qh4+
34. Kg1 Ne2# {White checkmated} 0-1

[Event "Team 45 45 League T52"]
[Site "Internet Chess Club"]
[Date "2012.03.18"]
[Round "5"]
[White "Innes"]
[Black "Skeptic1972"]
[Result "1-0"]
[WhiteElo "1698"]
[BlackElo "1625"]
[Opening "French: exchange variation"]
[ECO "C01"]
[Time "14:59:37"]
[TimeControl "2700+45"]

1. e4 e6 2. d4 d5 3. exd5 exd5 4. Bd3 Nf6 5. h3 Bb4+ 6. c3 Ba5 7. Qf3 h6 8. Ne2
Be6 9. Nf4 Qe7 10. O-O Nc6 11. b4 Bb6 12. a4 Nxb4 13. cxb4 Bxd4 14. Ra2 Qxb4 15.
Nxe6 fxe6 16. Bg6+ Kd7 17. Rc2 Rhf8 18. Ba3 {Black resigns} 1-0

[Event "Team 45 45 League T52"]
[Site "Internet Chess Club"]
[Date "2012.03.16"]
[Round "5"]
[White "kwameh72"]
[Black "MinnArkie"]
[Result "0-1"]
[WhiteElo "1543"]
[BlackElo "1598"]
[Opening "Queen's pawn: London system"]
[ECO "A45"]
[Time "20:00:37"]
[TimeControl "2700+45"]

1. d4 Nf6 2. Bf4 d6 3. e3 Nbd7 4. Nf3 h6 5. h3 g5 6. Bg3 Ne4 7. Bh2 Bg7 8. Nbd2
Ndf6 9. Bd3 Nxd2 10. Nxd2 Bd7 11. c4 O-O 12. Qb3 Qc8 13. O-O-O b5 14. cxb5 Rb8
15. f4 g4 16. Kb1 a6 17. e4 Bxb5 18. e5 Bxd3+ 19. Qxd3 dxe5 20. dxe5 Rd8 21. Qg3
Qb7 22. b3 Rxd2 23. Rxd2 Ne4 24. Qd3 Nxd2+ 25. Qxd2 gxh3 26. Rg1 hxg2 27. Rxg2
Qe4+ 28. Kb2 Kh7 29. Re2 Qf5 30. Qc3 Qc8 31. Qd3+ Kh8 32. f5 Rb5 33. Qh3 f6 34.
e6 Qd8 35. Bg1 Qd5 36. Qc3 Qxf5 37. Qxc7 Re5 38. Qd8+ Kh7 39. Rxe5 Qxe5+ 40. Bd4
Qxe6 41. a3 f5 42. Bxg7 Kxg7 43. Qd4+ Qf6 44. Qxf6+ Kxf6 45. Kc3 f4 46. Kd3 e5
47. Ke4 Ke6 48. b4 Kd6 49. a4 Kc6 50. b5+ axb5 51. a5 b4 52. a6 Kb6 {White
resigns} 0-1